 Dungeon Crawl Stone Soup version 0.28-a0-664-gc179e30c89 (webtiles) character file.

Game seed: 2741648118083193743

1453 bande the Chopper (level 8, -4/50 HPs)
             Began as a Gargoyle Fighter on Oct 16, 2021.
             Was an Initiate of Okawaru.
             Slain by an unseen horror (6 damage)
             ... on level 5 of the Dungeon.
             The game lasted 00:16:06 (5230 turns).

bande the Chopper (Gargoyle Fighter)                Turns: 5230, Time: 00:16:07

Health: -4/50      AC: 21    Str: 21    XL:     8   Next: 75%
Magic:  8/8        EV:  8    Int:  9    God:    Okawaru [......]
Gold:   337        SH:  4    Dex: 10    Spells: 7/7 levels left

rFire   + . .      SeeInvis .   a - +1 war axe (vorpal)
rCold   . . .      Faith    .   c - +0 buckler
rNeg    + . .      Spirit   .   p - +2 chain mail {Will+}
rPois   ∞          Reflect  .   i - +0 helmet
rElec   +          Harm     .   (no cloak)
rCorr   .          Rampage  .   (no gloves)
Will    +....                   t - +1 pair of boots
Stlth   ..........              (no amulet)
HPRegen 0.16/turn               l - ring of protection from fire
MPRegen 0.11/turn               (no ring)

@: no status effects
A: sickness immunity, AC +5, negative energy resistance 1, electricity
resistance, torment resistance 1, petrification resistance
a: Renounce Religion


You were on level 5 of the Dungeon.
You worshipped Okawaru.
Okawaru was noncommittal.
You visited 2 branches of the dungeon, and saw 6 of its levels.

You collected 361 gold pieces.
You spent 24 gold pieces at shops.

Inventory:

Hand Weapons
 a - a +1 vorpal war axe (weapon)
 h - a +0 flail
Missiles
 m - a throwing net (quivered)
Armour
 c - a +0 buckler (worn)
 i - a +0 helmet (worn)
 p - a +2 chain mail of willpower (worn)
 t - a +1 pair of boots (worn)
Jewellery
 k - a ring of protection from cold
 l - a ring of protection from fire (left hand)
 o - a ring of magical power
Wands
 n - a wand of acid (14)
Scrolls
 u - a scroll of fear
Potions
 d - 2 potions of might
 e - 2 potions of brilliance
 g - a potion of magic {unknown}
 j - a potion of invisibility {unknown}
 q - a potion of berserk rage {unknown}


   Skills:
 + Level 5.6 Fighting
 + Level 6.5 Axes
 + Level 6.0 Armour
 + Level 4.6 Shields
 * Level 3.3 Evocations


You had 7 spell levels left.
You didn't know any spells.
Your spell library was empty.

Dungeon Overview and Level Annotations

Branches:
Dungeon (5/15)             Temple (1/1) D:4

Altars:
Ashenzari
Cheibriados
Dithmenos
Elyvilon
Fedhas
Gozag
Kikubaaqudgha
Nemelex Xobeh
Okawaru
Qazlal
Sif Muna
Trog
Wu Jian
Xom
Yredelemnul

Shops:
D:4 ?![((


Innate Abilities, Weirdness & Mutations

You are immune to sickness and miasma.
Your stone body is resilient. (AC +5)
You are immune to poison.
You resist negative energy. (rN+)
You are resistant to electric shocks. (rElec)
You are resistant to unholy torment.
You are immune to petrification.


Message History

10 stones; a goblin corpse; a hobgoblin corpse Unknown command.
You closely miss the hobgoblin. You closely miss something. You hit the orc.
You kill the orc!
You hear a splash.
Something hits you but does no damage.
The hobgoblin hits you but does no damage.
You barely miss the hobgoblin. Something hits you but does no damage.
You block something's attack. The hobgoblin hits you.
You hit the hobgoblin.
The hobgoblin is heavily wounded.
You closely miss something. Something hits you but does no damage.
You block the hobgoblin's attack. Something hits you.
You slash the hobgoblin!
You kill the hobgoblin!
You barely miss something.
Something hits you but does no damage. x2
Unknown command.
Something hits you. x2
* * * LOW HITPOINT WARNING * * *
Things that are here:
5 stones; a hobgoblin corpse Something hits you but does no damage.
You block something's attack. Something hits you but does no damage.
Something hits you but does no damage.
There is an iron altar of Okawaru here.
You kneel at the altar of Okawaru.
Okawaru welcomes you! Something hits you.
* * * LOW HITPOINT WARNING * * *
You completely miss something. Something hits you!
* * * LOW HITPOINT WARNING * * *
Something hits you but does no damage. Something hits you but does no damage.
Okay, then.
You hear a splashing noise.
Something hits you.
* * * LOW HITPOINT WARNING * * *
Something hits you.
You die...

...............#
....#..........#
................
...............###
.............###_##
.....##......#.≈.≈##
.....#..)....##≈.≈.#
#......#.###.#.≈.≈##
#..........####≈@≈.#
##.......##..#.((≈##
#≈≈.#...#....##≈((.#
≈≈.##..##....###'###
≈#.....###..#....#
#..........##..##
............<..#
.......#......##
###.#.......#


There were no monsters in sight!

Vanquished Creatures
  A two-headed ogre (D:5)
  An ogre (D:4)
  A black bear (D:5)
  A necrophage (D:4)
  A centaur (D:4)
  2 scorpions (D:4)
  A bullfrog zombie (D:5)
  3 hounds
  An iguana (D:5)
  Natasha (twice) (D:2)
  Robin (D:2)
  5 adders
  5 gnolls
  3 worms
  3 dart slugs
  9 orcs
  12 ball pythons
  7 endoplasms
  2 giant cockroaches
  16 goblins
  8 hobgoblins
  A jackal (D:3)
  7 quokkas
  7 bats
  4 frilled lizards
  7 kobolds
  8 rats
119 creatures vanquished.

Notes
Turn   | Place    | Note
-------+----------+-------------------------------------------
     0 | D:1      | bande the Gargoyle Fighter began the quest for the Orb.
     0 | D:1      | Reached XP level 1. HP: 14/14 MP: 1/1
    46 | D:1      | Found a faded altar of an unknown god.
   110 | D:1      | Reached XP level 2. HP: 14/19 MP: 2/2
   810 | D:1      | Reached XP level 3. HP: 21/23 MP: 3/3
  1183 | D:2      | Noticed Natasha
  1188 | D:2      | Killed Natasha
  1189 | D:2      | Reached XP level 4. HP: 29/29 MP: 4/4
  1856 | D:2      | Reached XP level 5. HP: 33/33 MP: 5/5
  1992 | D:2      | Noticed Natasha
  2017 | D:2      | Killed Natasha
  2102 | D:2      | Noticed Robin
  2142 | D:2      | Killed Robin
  2947 | D:3      | Reached XP level 6. HP: 37/38 MP: 6/6
  3030 | D:4      | Found Xesetot's Weapon Boutique.
  3030 | D:4      | Found a blossoming altar of Fedhas.
  3399 | D:4      | Noticed a necrophage
  3406 | D:4      | Killed a necrophage
  3407 | D:4      | Reached skill level 1 in Evocations
  3471 | D:4      | Found Yxaheluz's Distillery.
  3477 | D:4      | Bought 2 potions of degeneration for 24 gold pieces
  3579 | D:4      | Found Mineox's Magic Scroll Shop.
  3585 | D:4      | Reached XP level 7. HP: 44/44 MP: 7/7
  3622 | D:4      | Reached skill level 5 in Axes
  3847 | D:4      | Found a staircase to the Ecumenical Temple.
  3856 | Temple   | Entered the Ecumenical Temple
  4079 | D:4      | Found Igouxuor's Antique Armour Emporium.
  4157 | D:4      | Reached skill level 5 in Armour
  4307 | D:4      | Found Uwawet's Antique Weapon Shoppe.
  4352 | D:5      | Entered Level 5 of the Dungeon
  4372 | D:5      | Noticed a two-headed ogre
  4377 | D:5      | Killed a two-headed ogre
  4378 | D:5      | Reached skill level 5 in Fighting
  4378 | D:5      | Reached XP level 8. HP: 17/50 MP: 8/8
  4661 | D:5      | HP: 2/50 [something (3)]
  5204 | D:5      | Found an iron altar of Okawaru.
  5225 | D:5      | Became a worshipper of Warmaster Okawaru
  5229 | D:5      | HP: 1/50 [something (4)]
  5230 | D:5      | Slain by an unseen horror

Illustrated notes

Levels and vault maps discovered:
D:1:      lemuel_arrival_room, layout_basic, hellmonk_ecumenical_altar_blasted,
          nrook_mini_vaults
D:2:      minmay_chambers_of_ones, layout_basic, chequers_jeans, uniq_natasha,
          uniq_robin
D:3:      minmay_skewed_foursquare, layout_rooms, serial_bayou_lagoon_b
D:4:      layout_basic, fedhas_altar_1, minmay_temple_entry_glass, serial_shops,
          shop_statue, nicolae_stop_n_shop_2, shop, shop_fountains,
          nicolae_stop_n_shop_1
D:5:      layout_cave_pools, okawaru_altar_gauntlet_db, serial_rivers,
          chequers_serial_rivers_micro_e, chequers_serial_rivers_micro_b,
          chequers_serial_rivers_small_a, chequers_serial_rivers_large_b,
          chequers_serial_rivers_large_a, chequers_serial_rivers_small_b
Temple:   dshaligram_water_room_temple

Skill      XL: |  1  2  3  4  5  6  7  8 |
---------------+-------------------------+-----
Axes           | 2 3 4 6 |  6.5
Armour         | 4 5 6 |  6.0
Fighting       | 4 5 |  5.6
Shields        | 4 |  4.6
Evocations     | 1 3 |  3.3

Action                   |  1- 3 |  4- 6 |  7- 9 || total
-------------------------+-------+-------+-------++-------
Melee: War axe           |    92 |   254 |    79 ||   425
  Use: Scroll            |     3 |     3 |     3 ||     9
       Potion            |       |       |     2 ||     2
Armor: Scale mail        |    17 |       |       ||    17
       Plate armour      |    69 |   219 |     7 ||   295
       Chain mail        |       |       |   130 ||   130
Dodge: Dodged            |    21 |    87 |    34 ||   142
Block: Buckler           |    21 |    68 |    35 ||   124

Table legend: (Time is in decaauts)
 A = Elapsed time spent in this place.
 B = Non-inter-level travel time spent in this place.
 C = Inter-level travel time spent in this place.
 D = Time resting spent in this place.
 E = Time spent auto-exploring this place.
 F = Levels seen in this place.
 G = Mean time per level.
                   A        B        C        D        E       F      G
               +--------+--------+--------+--------+--------+-----+--------+
         Total |   5393 |   5367 |     26 |   1343 |   2702 |   6 |  898.8 |
       Dungeon |   5292 |   5266 |     26 |   1343 |   2702 |   5 | 1058.4 |
        Temple |    101 |    101 |      0 |      0 |      0 |   1 |  101.0 |
               +--------+--------+--------+--------+--------+-----+--------+

Top non-repeatable levels by time:
     D:4: 1614 daAuts
     D:2: 1447 daAuts
     D:1: 1030 daAuts
     D:3: 820 daAuts
     D:5: 379 daAuts
  Temple: 101 daAuts
